[Event "10th Floripa Open 2024"]
[Site "Florianopolis"]
[Date "2024.01.21"]
[Round "1.1"]
[White "Tari, Aryan"]
[Black "Szuba, Joao Gabriel Muniz"]
[Result "1-0"]
[ECO "A11"]
[WhiteElo "2623"]
[BlackElo "1709"]
[Annotator "TA"]
[PlyCount "61"]
[EventDate "2024.01.10"]
[EventType "swiss"]
[EventCountry "BRA"]
[SourceTitle "playchess.com"]
[Source "ChessBase"]
[SourceQuality "1"]
[TimeControl "5400+30"]

1. c4 c6 2. Nf3 d5 3. e3 Nf6 4. Nc3 a6 5. b3 Bg4 6. Bb2 {[%emt 0:01:56] A11: English Opening: 1...c6.} e6 7. h3 Bh5 8. g4 {[%emt 0:04:44] The position is equal.} Bg6 9. Ne5 Nbd7 10. Nxg6 hxg6 11. d4 $5 {[%emt 0:03:54][%mdl 4] An interesting side line.} Bd6 12. Bg2 O-O {[%emt 0:05:25] [#]} (12... g5 $11) 13. h4 $146 ({Predecessor:} 13. g5 Ne8 14. h4 Bc7 15. f4 Nd6 16. h5 Nf5 17. Kf2 Ba5 18. Qg4 Re8 19. Rad1 {1-0 Indjic,A (2618)-Kobalia,M (2614) Titled Tuesday intern op 5th May blitz 2020 (10)}) 13... Bb4 14. Kf1 Bxc3 15. Bxc3 {[%emt 0:00:10] White stays focused until the end.} c5 (15... Ne4 $142 16. Bxe4 dxe4) 16. g5 $16 Ne4 17. Bxe4 dxe4 18. d5 e5 19. d6 Qb6 (19... Re8 $142) 20. h5 {[%emt 0:00:42][%cal Bh4h5,Bh5g6][%mdl 32] Threatens to win with hxg6. White is more active.} Qc6 $2 {[%emt 0:01:11] [#]} (20... Qd8) 21. Qg4 $1 $18 {[%emt 0:01:49] Strongly threatening hxg6.} Rae8 $2 (21... f5 22. gxf6 Rxf6 23. hxg6 Nf8 24. Bxe5 Rxg6) 22. Rd1 f5 23. gxf6 Rxf6 24. hxg6 {[%emt 0:00:27][%cal Oh1h8] White threatens Rh8+! and mate.} Nf8 (24... Rxd6 $142 25. Rxd6 Qxd6) 25. d7 Rd8 26. Bxe5 Rxg6 {[%emt 0:00:22] [#] Black is weak on the dark squares} 27. Rh8+ $3 {[%emt 0:00:43][%mdl 576] Decoy, Promotion} Kxh8 (27... Kf7 28. Qf5+) 28. Qh4+ Rh6 29. Qxd8 {[%emt 0:00:07] White mates.} Kg8 {[%emt 0:01:51] [#]} 30. Qxf8+ $3 {[%emt 0:00:05][%mdl 576] Clearance, Promotion} Kxf8 31. d8=Q+ {[%emt 0:00:04] An entertaining game by Tari.   Weighted Error Value: White=0.21 (precise) /Black=0.66} ({Worse is} 31. d8=R+ Ke7 32. Ke2 (32. Bxg7 Rh1+ 33. Ke2 Rxd1 $17) 32... Qe6 $15) 1-0

[Event "10th Floripa Open 2024"]
[Site "Florianopolis"]
[Date "2024.01.21"]
[Round "1.2"]
[White "Dos Santos, Guilherme Fortes"]
[Black "Fier, Alexandr"]
[Result "1/2-1/2"]
[ECO "A70"]
[WhiteElo "1707"]
[BlackElo "2549"]
[Annotator "TA"]
[PlyCount "103"]
[EventDate "2024.01.10"]
[EventType "swiss"]
[EventCountry "BRA"]
[SourceTitle "playchess.com"]
[Source "ChessBase"]
[SourceQuality "1"]
[TimeControl "5400+30"]

1. d4 Nf6 2. c4 c5 3. d5 e6 4. Nc3 exd5 5. cxd5 d6 6. e4 g6 7. Nf3 Bg7 8. Bd3 Bg4 9. O-O Nbd7 10. h3 Bxf3 11. Qxf3 O-O 12. Bf4 {[%emt 0:01:52] A70: Modern Benoni: 6 e4 g6 7 Nf3.} Qe7 13. Nb5 ({White should play} 13. Bc2) 13... Ne5 $11 14. Bxe5 {[%emt 0:01:00] Black is slightly better.} Qxe5 {[%emt 0:00:08] [#]} 15. Rfe1 $146 ({Predecessor:} 15. Nc3 a6 16. Qe2 b5 17. Rac1 Rfe8 18. Rfe1 Nh5 19. Qe3 Nf4 20. Bb1 b4 21. Nd1 {0-1 Burinda,G (1820)-Ruszin,T (2092) Cseppko op-B 11th 2002 (1)}) 15... a6 16. Nxd6 {[%emt 0:00:09][%mdl 64] [#] Remove Defender, Decoy} Qxd6 17. e5 Qxd5 18. exf6 Qxf3 19. gxf3 Bxf6 20. Rab1 Bd4 21. a4 Rad8 22. Bc4 Rd7 {[%emt 0:00:07] Prevents Re7} 23. Re2 Rfd8 24. b4 Kg7 25. bxc5 Bxc5 26. Reb2 Rd2 (26... Rd4 $17 27. Rc2 b6) 27. Rxd2 $1 Rxd2 28. Rxb7 Bxf2+ {[%emt 0:00:45][%mdl 4096] Endgame KRB-KRB} 29. Kf1 a5 30. Bxf7 Bc5 31. Bc4+ Kh6 32. Rb5 Bb4 33. Rb7 Kg5 34. Rxh7 Kf4 35. Be2 Ra2 36. Rh4+ Kg3 {[%emt 0:00:04] [#] ( -> ...Ra1+)} 37. Rg4+ Kxh3 {[%emt 0:00:04] Hoping for ...Ra1+.} 38. Bb5 Bc5 39. Rxg6 Rf2+ 40. Ke1 Rxf3 41. Ke2 Re3+ 42. Kd2 Ra3 43. Ke2 Kh4 44. Rc6 Re3+ 45. Kd2 Re5 46. Rg6 Kh5 47. Rg8 Be7 48. Kd3 Bg5 49. Ra8 {[%emt 0:00:15] White is slightly better.} Kg4 50. Rxa5 Kf4 51. Ra8 Be7 52. Kd4 {[%emt 0:53:45] Weighted Error Value: White=0.07 (flawless) /Black=0.08 (flawless)} 1/2-1/2

[Event "10th Floripa Open 2024"]
[Site "Florianopolis"]
[Date "2024.01.21"]
[Round "1.3"]
[White "El Debs, Felipe de Cresce"]
[Black "Conor, Gilberto Bordignon"]
[Result "1-0"]
[ECO "D85"]
[WhiteElo "2527"]
[BlackElo "1704"]
[Annotator "TA"]
[PlyCount "44"]
[EventDate "2024.01.10"]
[EventType "swiss"]
[EventCountry "BRA"]
[SourceTitle "playchess.com"]
[Source "ChessBase"]
[SourceQuality "1"]
[TimeControl "5400+30"]

1. d4 Nf6 2. c4 g6 3. Nc3 d5 4. cxd5 Nxd5 5. Bd2 Bg7 6. e4 Nxc3 7. Bxc3 c5 8. d5 ({Of course not} 8. dxc5 Bxc3+ 9. bxc3 Qc7 $15) 8... Bxc3+ {[%emt 0:04:48] D85: Exchange Grünfeld: Unusual White 7th moves and lines with 7 Nf3.} 9. bxc3 Qa5 {[%emt 0:01:03] 9...e6 is becoming the main line.} 10. Qd2 b5 (10... e6 $14) 11. Rc1 {[%emt 0:11:21] [#]} (11. Bd3 $16) 11... h6 $146 (11... Nd7 $14) ({Predecessor:} 11... a6 12. Be2 Nd7 13. Nf3 Qc7 14. O-O O-O 15. Qh6 f6 16. Rfd1 Ne5 17. Nd2 g5 {0-1 Bozinovic,B-Ascic,P (2210) CRO-ch Zagreb 1993 (9)}) 12. Nf3 $16 Nd7 13. Be2 {[%emt 0:02:48] White is more active.} Bb7 14. O-O O-O-O $2 (14... a6 15. c4 Qxd2 16. Nxd2 b4) 15. Rb1 $18 a6 {[%emt 0:00:41] [#]} 16. a4 $1 {[%emt 0:00:37][%cal Ra4b5][%mdl 512] White is clearly winning.} Qxa4 {[%emt 0:01:50] [#]} (16... bxa4 17. Qb2) 17. c4 $1 Nf6 (17... e6 18. Rfc1) 18. Qe3 Rd7 19. Ra1 Ng4 20. Qxc5+ Rc7 21. Qd4 e5 22. Nxe5 Nf6 {[%emt 0:37:47] Black got outplayed after the opening.   Weighted Error Value: White=0.05 (flawless) /Black=0.76} 1-0

[Event "10th Floripa Open 2024"]
[Site "Florianopolis"]
[Date "2024.01.21"]
[Round "1.4"]
[White "Rodrigues, Natanael Isau"]
[Black "Cuenca Jimenez, Jose Fernando"]
[Result "0-1"]
[ECO "A48"]
[WhiteElo "1704"]
[BlackElo "2514"]
[Annotator "TA"]
[PlyCount "68"]
[EventDate "2024.01.10"]
[EventType "swiss"]
[EventCountry "BRA"]
[SourceTitle "playchess.com"]
[Source "ChessBase"]
[SourceQuality "1"]
[TimeControl "5400+30"]

1. d4 Nf6 2. Nf3 g6 3. e3 Bg7 4. Bd3 c5 5. O-O d5 6. b3 O-O 7. Ne5 b6 8. Bb2 {[%emt 0:05:47] The position is equal.} Bb7 9. Nd2 e6 10. f4 Nc6 11. Ndf3 Ne7 12. Qe2 Ne4 13. Ba6 ({White should play} 13. Rfd1 $11) 13... Bxa6 $15 14. Qxa6 Qc7 15. Qd3 Qb7 16. Rfc1 b5 17. c3 c4 18. Qe2 a5 {[%emt 0:01:15] Black is more active.} 19. bxc4 dxc4 20. Ba3 {[%emt 0:00:19] Black keeps a firm grip on the game.} (20. a4 $17 {is a better defense.}) 20... b4 $19 {[%emt 0:01:48] [#] aiming for ...Bxe5.} 21. Rab1 (21. Bb2 $142 Nd5 22. Nxc4 (22. cxb4 $2 c3 $19)) 21... Nd5 (21... Nxc3 22. Rxc3 (22. Qxc4 $2 Nxb1 23. Rxb1 Qe4 $19) 22... Qa6 23. Rxc4 Bxe5 24. Nxe5 $16) 22. cxb4 (22. Bb2 Bxe5 23. fxe5) 22... Nec3 (22... axb4 $2 23. Bxb4 (23. Nxc4 $2 Nec3 $19) 23... Rfb8 24. Nxc4 $19 (24. Rxc4 $2 Nec3 $19) (24. Rxc4 $2 Nec3 $19)) 23. Qxc4 Rfc8 {[%emt 0:01:32][%mdl 64] [#] Against b5. Deflection} ({But not} 23... Nxe3 24. Qxc3 Nd5 25. Qd2 (25. bxa5 Qxb1 26. Qc4 Qb8 $14) 25... axb4 26. Bxb4 $18) 24. Qd3 Nxb1 25. Qxb1 axb4 ({And not} 25... Nxb4 26. Nc4 $17) 26. Bb2 Nxe3 27. Re1 Nd5 28. Qe4 Rxa2 29. Rb1 Qc7 30. Rc1 Qxc1+ 31. Bxc1 Rxc1+ 32. Ne1 Nc3 (32... f5 $142 33. h4 fxe4 34. Ng4 Rxe1+ 35. Kh2 h5 36. Kg3 hxg4 37. h5 Re3+ 38. Kh2 Nxf4 39. hxg6 Rxg2+ 40. Kh1 Rh3#) 33. Qe3 Raa1 34. Kf2 Nd1+ {[%emt 0:00:07][%mdl 64] Deflection, Double Attack. Excellently played by Cuenca Jimenez!   Weighted Error Value: White=0.98/Black=0.30} 0-1

[Event "10th Floripa Open 2024"]
[Site "Florianopolis"]
[Date "2024.01.21"]
[Round "1.5"]
[White "Salinas Herrera, Pablo"]
[Black "De Haro, Martim Afonso Palma"]
[Result "1-0"]
[ECO "B30"]
[WhiteElo "2477"]
[BlackElo "1704"]
[Annotator "RC"]
[PlyCount "37"]
[EventDate "2024.01.10"]
[EventType "swiss"]
[EventCountry "BRA"]
[SourceTitle "playchess.com"]
[Source "ChessBase"]
[SourceQuality "1"]
[TimeControl "5400+30"]

1. e4 c5 2. Nf3 Nc6 3. Bb5 Nd4 4. Nxd4 cxd4 5. O-O Nf6 6. e5 Nd5 7. Qg4 Nc7 8. Ba4 Ne6 9. c3 Qa5 10. Bb3 Qxe5 11. Na3 d5 12. Qf3 Nf4 13. Nb5 d3 14. Qe3 Qg5 15. g3 Ne2+ 16. Kg2 Qh5 17. Nd6+ Kd8 18. Nxc8 Ke8 19. Nd6+ 1-0

[Event "10th Floripa Open 2024"]
[Site "Florianopolis"]
[Date "2024.01.21"]
[Round "1.6"]
[White "Felix, Joao Eduardo Orlandi"]
[Black "Galego, Luis"]
[Result "0-1"]
[ECO "B41"]
[WhiteElo "1703"]
[BlackElo "2468"]
[Annotator "RC"]
[PlyCount "113"]
[EventDate "2024.01.10"]
[EventType "swiss"]
[EventCountry "BRA"]
[SourceTitle "playchess.com"]
[Source "ChessBase"]
[SourceQuality "1"]
[TimeControl "5400+30"]

1. e4 c5 2. Nf3 e6 3. d4 cxd4 4. Nxd4 a6 5. Be2 Nf6 6. Nc3 Bb4 7. Qd3 d5 8. exd5 Nxd5 9. O-O Nxc3 10. bxc3 Be7 11. Bf3 Nd7 12. Re1 O-O 13. Nb3 Qc7 14. Bb2 Ne5 15. Qe4 Nxf3+ 16. Qxf3 Bd7 17. Rad1 Bc6 18. Qg3 Qxg3 19. hxg3 Bf6 20. Ba3 Rfd8 21. Bb4 Bd5 22. a4 Rdc8 23. Re3 h5 24. a5 Rc7 25. f4 Rac8 26. Nd4 Rc4 27. Re2 g6 28. Kf2 Bg7 29. Red2 Bh6 30. Ne2 Bf8 31. Rb1 Bxb4 32. Rxb4 R4c5 33. Ra4 Rb5 34. Ra3 Rcc5 35. Rd4 Rxa5 36. Rxa5 Rxa5 37. c4 Bc6 38. Rd8+ Kg7 39. Nd4 Rc5 40. Nxc6 Rxc6 41. Rd7 Rxc4 42. Rxb7 Rxc2+ 43. Kf3 a5 44. Ra7 Ra2 45. Ra6 Kf6 46. Ra7 Ra1 47. Kf2 Ra3 48. Rb7 Rd3 49. Ra7 Rd5 50. Kf3 Rb5 51. Kf2 g5 52. Kf3 Kg6 53. Ra6 Kf5 54. fxg5 Kxg5 55. Ra8 Rf5+ 56. Ke3 Kg4 57. Kd4 0-1

[Event "10th Floripa Open 2024"]
[Site "Florianopolis"]
[Date "2024.01.21"]
[Round "1.7"]
[White "Flores Quillas, Diego Saul Rodri"]
[Black "Cordioli, Jairo Ribeiro"]
[Result "1-0"]
[ECO "B55"]
[WhiteElo "2429"]
[BlackElo "1703"]
[Annotator "RC"]
[PlyCount "96"]
[EventDate "2024.01.10"]
[EventType "swiss"]
[EventCountry "BRA"]
[SourceTitle "playchess.com"]
[Source "ChessBase"]
[SourceQuality "1"]
[TimeControl "5400+30"]

1. e4 c5 2. Nf3 d6 3. d4 cxd4 4. Nxd4 Nf6 5. f3 Nc6 6. c4 Qb6 7. Nc2 g6 8. Nc3 Bg7 9. Rb1 O-O 10. Be3 Qd8 11. Be2 Be6 12. Qd2 Rc8 13. O-O Nd7 14. Nd5 b6 15. b3 Kh8 16. Rbd1 f5 17. exf5 Bxf5 18. Bd3 Bxd3 19. Qxd3 Nde5 20. Qe2 Qd7 21. f4 Ng4 22. Bc1 Rce8 23. Ba3 e5 24. h3 Nf6 25. Nxf6 Rxf6 26. fxe5 Rxf1+ 27. Qxf1 Bxe5 28. Bxd6 Qg7 29. Kh1 Re6 30. Bxe5 Rxe5 31. Qf3 Re6 32. Rd7 Qf6 33. Qxf6+ Rxf6 34. Ne3 a5 35. Nd5 Rf1+ 36. Kh2 Rf2 37. Rd6 Ne5 38. a4 Rb2 39. Rxb6 Nf3+ 40. Kg3 Nd4 41. b4 axb4 42. Rxb4 Ra2 43. c5 Nf5+ 44. Kf4 Rxg2 45. c6 Rc2 46. c7 Kg7 47. Rb8 Nd6 48. Rd8 Rc4+ 1-0

[Event "10th Floripa Open 2024"]
[Site "Florianopolis"]
[Date "2024.01.21"]
[Round "1.8"]
[White "Lopes, Leonardo Borges"]
[Black "Haldorsen, Benjamin"]
[Result "0-1"]
[ECO "B40"]
[WhiteElo "1694"]
[BlackElo "2427"]
[Annotator "RC"]
[PlyCount "84"]
[EventDate "2024.01.10"]
[EventType "swiss"]
[EventCountry "BRA"]
[SourceTitle "playchess.com"]
[Source "ChessBase"]
[SourceQuality "1"]
[TimeControl "5400+30"]

1. e4 c5 2. Nf3 e6 3. c4 Nc6 4. Nc3 Nd4 5. d3 Ne7 6. Be3 Nec6 7. Nb5 Nxb5 8. cxb5 Qa5+ 9. Qd2 Qxb5 10. Rc1 Qb6 11. a3 Nd4 12. Bxd4 cxd4 13. Rc4 d5 14. Rc2 Be7 15. Be2 O-O 16. O-O Bd7 17. Rb1 Ba4 18. Rcc1 Rac8 19. b4 h6 20. Qb2 Rxc1+ 21. Rxc1 dxe4 22. dxe4 Rd8 23. Bd3 Bb5 24. Rd1 Bc6 25. Qe2 Ba4 26. Rc1 a5 27. b5 Bb3 28. Qb2 a4 29. Nd2 Ra8 30. g3 g6 31. Ra1 Rc8 32. Nxb3 axb3 33. a4 Rc3 34. a5 Qc7 35. Bf1 Bc5 36. Ra4 d3 37. a6 Rc2 38. Qxb3 Rxf2 39. a7 Rb2+ 40. Kh1 Rxb3 41. a8=Q+ Kg7 42. Ra2 Qe5 0-1

[Event "10th Floripa Open 2024"]
[Site "Florianopolis"]
[Date "2024.01.21"]
[Round "1.9"]
[White "Matsuura, Everaldo"]
[Black "Dias, Matheus Nunes"]
[Result "1-0"]
[ECO "C10"]
[WhiteElo "2410"]
[BlackElo "1684"]
[Annotator "RC"]
[PlyCount "47"]
[EventDate "2024.01.10"]
[EventType "swiss"]
[EventCountry "BRA"]
[SourceTitle "playchess.com"]
[Source "ChessBase"]
[SourceQuality "1"]
[TimeControl "5400+30"]

1. e4 e6 2. d4 d5 3. Nc3 dxe4 4. Nxe4 Nd7 5. Bd3 Ngf6 6. Qe2 Be7 7. Nf3 O-O 8. Bg5 Re8 9. h4 Nxe4 10. Qxe4 Nf8 11. c4 Bd7 12. O-O-O Bc6 13. Qe3 Bxf3 14. gxf3 c5 15. dxc5 Qa5 16. Bxe7 Rxe7 17. Kb1 Rc8 18. Rhg1 Rxc5 19. Rg5 Rxg5 20. hxg5 Ng6 21. Bxg6 hxg6 22. c5 Qb5 23. Qe5 Rd7 24. Qb8+ 1-0

[Event "10th Floripa Open 2024"]
[Site "Florianopolis"]
[Date "2024.01.21"]
[Round "1.10"]
[White "Ramazzotte, Maicon Zilli"]
[Black "Rodriguez Vila, Andres"]
[Result "0-1"]
[ECO "C01"]
[WhiteElo "1682"]
[BlackElo "2407"]
[Annotator "RC"]
[PlyCount "92"]
[EventDate "2024.01.10"]
[EventType "swiss"]
[EventCountry "BRA"]
[SourceTitle "playchess.com"]
[Source "ChessBase"]
[SourceQuality "1"]
[TimeControl "5400+30"]

1. e4 e6 2. d4 d5 3. Nc3 Bb4 4. exd5 exd5 5. Nf3 Ne7 6. Be2 c6 7. O-O O-O 8. Bf4 Ng6 9. Bg3 f5 10. Bd3 Nd7 11. Ne2 f4 12. Bxg6 fxg3 13. Bd3 gxh2+ 14. Kxh2 Bd6+ 15. Ng3 Nf6 16. Kg1 Ng4 17. c3 Qf6 18. Qd2 g6 19. Qg5 Qg7 20. Rae1 Bd7 21. Ne5 Be7 22. Qd2 Nxe5 23. dxe5 Rae8 24. c4 Be6 25. cxd5 Bxd5 26. b3 Rd8 27. Qe3 b6 28. Bc4 Bc5 29. Qg5 Bxc4 30. bxc4 Qe7 31. Ne4 Rd4 32. Nf6+ Kh8 33. Re3 Rf7 34. Rh3 Rg7 35. Kh1 Qf7 36. f4 Qxc4 37. Re1 Rxf4 38. Kh2 Rf1 39. Rxf1 Qxf1 40. Qd2 Qg1+ 41. Kg3 Qd4 42. Qxd4 Bxd4 43. Kf4 Re7 44. Ng4 Kg7 45. Ke4 c5 46. Kd5 h5 0-1

[Event "10th Floripa Open 2024"]
[Site "Florianopolis"]
[Date "2024.01.22"]
[Round "2.1"]
[White "Silva, Jeferson"]
[Black "Tari, Aryan"]
[Result "0-1"]
[ECO "D38"]
[WhiteElo "1957"]
[BlackElo "2623"]
[Annotator "TA"]
[PlyCount "58"]
[EventDate "2024.01.10"]
[EventType "swiss"]
[EventCountry "BRA"]
[SourceTitle "playchess.com"]
[Source "ChessBase"]
[SourceQuality "1"]
[TimeControl "5400+30"]

1. d4 d5 2. c4 e6 3. Nf3 Nf6 4. Nc3 Nbd7 5. cxd5 exd5 6. Bg5 Bb4 7. e3 c5 8. Be2 Qa5 9. O-O Bxc3 10. bxc3 c4 11. Qc2 Ne4 12. Rac1 Nb6 {[%emt 0:08:32] A dynamic duo of knights. D38: Queen's Gambit Declined: Ragozin Defence (4 Nf3 Bb4).} 13. Bf4 O-O 14. Nd2 Bf5 {[%emt 0:06:19][%cal Oe4g3] [#] Hoping for ...Ng3! The position is equal.} 15. Nxe4 Bxe4 16. Qd2 Qa3 {[%emt 0:01:11] [#]} 17. f3 $146 ({Predecessor:} 17. h4 Rfe8 18. h5 h6 19. f3 Bh7 20. Rf2 Rac8 21. g4 Qe7 22. Rg2 f6 23. Bd1 {1-0 Zhao,X (2490)-Koneru,H (2622) Nalchik FIDE GP (Women) 2010 (11)}) 17... Bg6 18. Rfe1 {[%emt 0:06:54] White is weak on the light squares} Rfe8 19. Bg3 Re6 20. Bf2 Rae8 21. Ra1 ({White should play} 21. Bf1 $15) 21... Na4 $17 22. Rec1 Rb6 23. e4 Rb2 24. Qe3 b5 ({Stronger than} 24... dxe4 25. Bxc4 Nb6 26. Bb3 $11) 25. Bd1 Nb6 {[%emt 0:03:55][%cal Rd5e4] Black has more active pieces. The white rooks are badly placed.} 26. Rc2 {[%emt 0:01:53] [#]} (26. e5 {was the only chance.}) 26... Rxc2 $1 $19 (26... dxe4 27. Qc1 Na4 28. Re2 $11) 27. Bxc2 Qb2 28. Rc1 (28. Qc1 $142 Qxc3 29. a4) 28... dxe4 {[%emt 0:00:04][%cal Ob6d5][%mdl 64] Strongly threatening ...Nd5! Remove Defender} 29. fxe4 Nd5 {[%emt 0:00:04][%mdl 64] Pin, Double Attack.   Weighted Error Value: White=0.29 (precise) /Black=0.03 (flawless)} ({And not} 29... Qxa2 30. Be1 $17) 0-1

[Event "10th Floripa Open 2024"]
[Site "Florianopolis"]
[Date "2024.01.22"]
[Round "2.2"]
[White "Oliveira, Tiago Batista"]
[Black "El Debs, Felipe de Cresce"]
[Result "0-1"]
[ECO "E04"]
[WhiteElo "1953"]
[BlackElo "2527"]
[Annotator "TA"]
[PlyCount "70"]
[EventDate "2024.01.10"]
[EventType "swiss"]
[EventCountry "BRA"]
[SourceTitle "playchess.com"]
[Source "ChessBase"]
[SourceQuality "1"]
[TimeControl "5400+30"]

1. d4 Nf6 2. c4 e6 3. g3 d5 4. Nf3 dxc4 5. Bg2 Nc6 6. O-O Rb8 7. Bg5 Be7 8. Nc3 (8. Qc1 $5 ) 8... b5 {[%emt 0:05:51] Wards off Qa4} 9. Rc1 {[%emt 0:17:06] Black is slightly better.} O-O 10. e4 a6 11. Bxf6 ({Better is} 11. h4) 11... Bxf6 $17 12. e5 Be7 13. a3 (13. Qe2 $17 {was called for.}) 13... Bb7 $19 14. Re1 Na5 15. Ne4 (15. Qe2 $142) 15... Nb3 16. Rb1 Qd7 17. Qc2 h6 18. Rbd1 Rfd8 19. g4 Bxe4 20. Qxe4 c5 21. g5 Bxg5 (21... Nxd4 22. gxh6 g6 23. h4 $17) 22. Nxg5 hxg5 23. Qg4 Qe7 (23... Nxd4 $2 {loses.} 24. Qxg5 Re8 25. h4 $19) 24. dxc5 (24. d5 $142 exd5 25. e6) 24... Nxc5 25. Rxd8+ Rxd8 (25... Qxd8 $2 {is the wrong capture.} 26. Rd1 Qe7 27. Rd6 $19) 26. Re3 Rd3 27. Rxd3 Nxd3 {[%emt 0:00:13][%mdl 4096] Endgame KQB-KQN} (27... cxd3 $2 {too greedy.} 28. Qb4 $19) 28. Qd4 Qc7 29. Be4 Nxe5 30. Qe3 Ng4 31. Qh3 {[%emt 0:00:11] [#]} (31. Qg3 Ne5 32. Qxg5) 31... Qf4 32. Qh7+ Kf8 {[%emt 0:00:05] Black mates.} 33. f3 Qe3+ 34. Kg2 Qf2+ 35. Kh3 Ne3 {[%emt 0:00:23] White got outplayed after the opening.   Weighted Error Value: White=0.73/Black=0.12 (very precise)} 0-1

[Event "10th Floripa Open 2024"]
[Site "Florianopolis"]
[Date "2024.01.22"]
[Round "2.3"]
[White "Cuenca Jimenez, Jose Fernando"]
[Black "Andrade, Roberto Luiz Costa"]
[Result "1-0"]
[ECO "B39"]
[WhiteElo "2514"]
[BlackElo "1962"]
[Annotator "TA"]
[PlyCount "71"]
[EventDate "2024.01.10"]
[EventType "swiss"]
[EventCountry "BRA"]
[SourceTitle "playchess.com"]
[Source "ChessBase"]
[SourceQuality "1"]
[TimeControl "5400+30"]

1. c4 c5 2. Nf3 Nc6 3. d4 cxd4 4. Nxd4 g6 5. e4 Bg7 6. Be3 Nf6 7. Nc3 Ng4 8. Qxg4 Nxd4 9. Qd1 Nc6 10. Rc1 b6 11. Be2 {[%emt 0:00:39] White is more active.} d6 12. O-O O-O {[%emt 0:02:54] White is better.} 13. a3 Be6 14. f4 Na5 15. b3 Rc8 16. Nb5 a6 17. Nd4 ({Better is} 17. Nc3 $1 $16) 17... Bd7 $14 18. b4 Nc6 19. Nc2 Nb8 20. b5 $1 axb5 21. cxb5 Rc3 {[%emt 0:04:41] [#]} (21... Be6 $16) 22. Qd2 $1 $18 Qc7 (22... Be6 $16) 23. Nb4 {[%emt 0:03:33] And now Nd5 would win.} Be6 24. f5 Bb3 25. Nc6 Rxc1 (25... Rc5 $16) 26. Rxc1 (26. Qxc1 Nxc6 27. Qxc6 (27. bxc6 Ba4 $15) 27... Qa7 $14) 26... Nxc6 27. Rxc6 (27. bxc6 Ba4 28. Qb4 b5 29. Bxb5 Bxb5 30. Qxb5 gxf5 31. exf5 (31. Qxf5 e6 $18) 31... Be5) 27... Qa7 28. Qb4 (28. Bxb6 Qxa3 29. Be3 Qa4 $14) ({Don't take} 28. Rxb6 $6 Qa4 $16) 28... Qa4 29. Qxa4 (29. Bxb6 Qxb4 30. axb4 d5 31. exd5 Bxd5 $16) 29... Bxa4 30. Rxb6 ({Much less strong is} 30. Bxb6 $6 Rb8) 30... Ra8 (30... Bc2 $142 31. Rb7 e6 32. fxe6 fxe6) 31. Bc4 {[%emt 0:02:46] Ra6 is the strong threat.} ({Weaker is} 31. Ra6 Rxa6 32. bxa6 Bc6 $18) 31... Bb2 $2 (31... Rc8 32. Ra6 Bc2) 32. Ra6 Bg7 33. Rb6 $2 (33. Rxa8+ {mates} Bf8 34. Bh6 gxf5 35. Rxf8#) 33... gxf5 $2 (33... Bb2 $1 $11) 34. Ra6 Rxa6 35. bxa6 e6 {[#]} 36. Bd5 $4 {[%emt 0:01:00][%mdl 40960] Weighted Error Value: White=0.40/Black=0.59. Loss on time!?} 1-0

[Event "10th Floripa Open 2024"]
[Site "Florianopolis"]
[Date "2024.01.22"]
[Round "2.4"]
[White "Lutz, Igor Oscar"]
[Black "Salinas Herrera, Pablo"]
[Result "0-1"]
[ECO "D11"]
[WhiteElo "1947"]
[BlackElo "2477"]
[Annotator "RC"]
[PlyCount "64"]
[EventDate "2024.01.10"]
[EventType "swiss"]
[EventCountry "BRA"]
[SourceTitle "playchess.com"]
[Source "ChessBase"]
[SourceQuality "1"]
[TimeControl "5400+30"]

1. d4 d5 2. c4 c6 3. Nf3 Nf6 4. g3 Bf5 5. Qb3 Qb6 6. c5 Qxb3 7. axb3 h6 8. Nc3 e6 9. b4 Be7 10. b5 O-O 11. Bg2 cxb5 12. Nxb5 Nc6 13. Bf4 Be4 14. Ra4 Nd7 15. Bd6 a6 16. Nc7 Rac8 17. O-O Bxd6 18. cxd6 Bxf3 19. Bxf3 Nb6 20. Ra2 Nxd4 21. Bg4 Rfd8 22. e3 Nf5 23. Nxd5 Nxd5 24. e4 Nf6 25. Bxf5 exf5 26. e5 Nd7 27. Re1 Rc5 28. f4 Rdc8 29. b4 Rb5 30. g4 fxg4 31. Re4 g5 32. Rg2 Rc1+ 0-1

[Event "10th Floripa Open 2024"]
[Site "Florianopolis"]
[Date "2024.01.22"]
[Round "2.5"]
[White "Galego, Luis"]
[Black "Benitez, Andres"]
[Result "1-0"]
[ECO "B40"]
[WhiteElo "2468"]
[BlackElo "1956"]
[Annotator "RC"]
[PlyCount "53"]
[EventDate "2024.01.10"]
[EventType "swiss"]
[EventCountry "BRA"]
[SourceTitle "playchess.com"]
[Source "ChessBase"]
[SourceQuality "1"]
[TimeControl "5400+30"]

1. e4 c5 2. Nf3 e6 3. Nc3 a6 4. g3 b5 5. Bg2 Bb7 6. d3 d6 7. O-O Nf6 8. a3 Be7 9. Ne1 Nc6 10. f4 Qc7 11. h3 O-O 12. g4 b4 13. axb4 cxb4 14. Na4 e5 15. g5 Nd7 16. f5 Rfc8 17. Be3 Nd4 18. c3 Nc6 19. h4 Nc5 20. f6 Bf8 21. fxg7 Kxg7 22. Qh5 Re8 23. Nb6 f5 24. Nxa8 Rxa8 25. exf5 e4 26. g6 Kg8 27. f6 1-0

[Event "10th Floripa Open 2024"]
[Site "Florianopolis"]
[Date "2024.01.22"]
[Round "2.6"]
[White "Kim, Thiago"]
[Black "Flores Quillas, Diego Saul Rodri"]
[Result "1/2-1/2"]
[ECO "B81"]
[WhiteElo "1944"]
[BlackElo "2429"]
[Annotator "RC"]
[PlyCount "117"]
[EventDate "2024.01.10"]
[EventType "swiss"]
[EventCountry "BRA"]
[SourceTitle "playchess.com"]
[Source "ChessBase"]
[SourceQuality "1"]
[TimeControl "5400+30"]

1. e4 c5 2. Nf3 e6 3. d4 cxd4 4. Nxd4 Nf6 5. Nc3 d6 6. g4 e5 7. Bb5+ Bd7 8. Bxd7+ Qxd7 9. Nf5 h5 10. gxh5 Nxh5 11. Nd5 g6 12. Ng3 Bg7 13. Bg5 Nc6 14. c3 Rc8 15. Qf3 Qh3 16. O-O-O O-O 17. Ne7+ Nxe7 18. Bxe7 Rfe8 19. Bxd6 Rc6 20. Ba3 Nf4 21. Kb1 a5 22. Rd6 Rxd6 23. Bxd6 Rd8 24. Bc5 Rd3 25. Be3 Bf8 26. Rd1 Qd7 27. Rc1 a4 28. Ne2 Bh6 29. Ng3 a3 30. b3 Ne6 31. Nf1 Bxe3 32. Nxe3 Qc6 33. Qh1 Rxc3 34. Nd5 Rxc1+ 35. Qxc1 Qxc1+ 36. Kxc1 Ng5 37. Nc3 Nh3 38. Kd2 Nxf2 39. Ke2 Ng4 40. h3 Nf6 41. Kf3 Ne8 42. Nb5 f5 43. Nxa3 Kf7 44. Nc4 Ke6 45. a4 Nf6 46. Nd2 Ne8 47. Nc4 Nc7 48. Na5 b6 49. Nc4 b5 50. Nb2 f4 51. Nd3 bxa4 52. bxa4 Kd6 53. a5 Na6 54. h4 Nc5 55. a6 Nxa6 56. Nxf4 exf4 57. Kxf4 Ke6 58. Kg5 Kf7 59. h5 1/2-1/2